 Dungeon Crawl Stone Soup version 0.24.0-10-g970556be89 (webtiles) character file.

Game seed: 10578053547429425876, levelgen mode: deterministic

112 Masnef the Ogre Mage (level 4, -2/40 HPs)
             Began as an Ogre Wizard on Nov 4, 2019.
             Killed from afar by an orc wizard (4 damage)
             ... with a puff of frost
             ... on level 3 of the Dungeon.
             The game lasted 00:06:15 (2588 turns).

Masnef the Ogre Mage (Ogre Wizard)                  Turns: 2588, Time: 00:06:16

Health: -2/40      AC:  3    Str:  9 (11) XL:     4   Next: 95%
Magic:  10/10      EV:  9    Int: 22 (25) God:
Gold:   110        SH:  0    Dex:  6 (7)  Spells: 4/12 levels left

rFire    . . .     SeeInvis .   u - +0 whip
rCold    . . .     Gourm    .   (no shield)
rNeg     . . .     Faith    .   a - +0 robe
rPois    .         Spirit   .   b - +0 hat
rElec    .         Reflect  .   (no cloak)
rCorr    .         Harm     .   (gloves unavailable)
MR       .....                  (boots unavailable)
Stlth    +.........             (no amulet)
HPRegen  0.13/turn              (no ring)
MPRegen  0.12/turn              (no ring)

@: brilliant, flying
A: large, unfitting armour, tough skin 1
a: no special abilities


You were on level 3 of the Dungeon.
You were not hungry.

You visited 1 branch of the dungeon, and saw 3 of its levels.

You collected 110 gold pieces.

Inventory:

Hand Weapons
 g - a +0 short sword
 m - a +0 dagger
 u - a +0 whip (weapon)
 x - a +0 hunting sling
Missiles
 c - 143 stones (quivered)
 e - 33 sling bullets
 i - 34 poisoned darts
Armour
 a - a +0 robe (worn)
 b - a +0 hat (worn)
Scrolls
 f - a scroll of fog {unknown}
 o - 2 scrolls of remove curse {unknown}
 q - 2 scrolls of identify {unknown}
 t - 2 scrolls of magic mapping {unknown}
 v - a scroll of amnesia {unknown}
 w - 2 scrolls of teleportation {unknown}
Potions
 j - a potion of berserk rage {unknown}
 k - a potion of lignification
 l - a potion of haste {unknown}
 r - a potion of resistance {unknown}
Comestibles
 d - 5 rations
 h - a chunk of flesh


   Skills:
 + Level 0.6 Fighting
 + Level 0.2 Maces & Flails
 * Level 0.7 Throwing
 - Level 1.7 Dodging
 - Level 1.4 Stealth
 * Level 4.7 Spellcasting
 + Level 2.5 Conjurations
 - Level 1.0 Summonings
 - Level 1.0 Translocations
 * Level 0.4 Air Magic
 * Level 0.6 Poison Magic


You had 4 spell levels left.
You knew the following spells:

 Your Spells              Type           Power        Failure   Level  Hunger
a - Magic Dart            Conj           ####         1%          1    None
b - Blink                 Tloc           N/A          1%          2    None
c - Call Imp              Summ           ###.....     1%          2    None
d - Mephitic Cloud        Conj/Pois/Air  ###.....     2%          3    ##.....

Your spell library contained the following spells:

 Spells                   Type           Power        Failure   Level  Hunger
 Slow                     Hex            ###.....     1%          2    None
 Conjure Flame            Conj/Fire      ###.....     2%          3    ##.....


Dungeon Overview and Level Annotations

Branches:
Dungeon (3/15)

Altars:
Qazlal


Innate Abilities, Weirdness & Mutations

You are too large for most types of armour.
You have tough skin. (AC +1)


Message History

The puff of frost hits you!
* * * LOW HITPOINT WARNING * * *
Unknown command.
It was a potion of degeneration.
There was something very wrong with that liquid.
You feel weakened.
You feel dopey.
You feel clumsy.
You hear some strange, mumbled words.
A magic dart appears from out of thin air!
The magic dart hits you!
* * * LOW HITPOINT WARNING * * *
Something hits you.
* * * LOW HITPOINT WARNING * * *
Unknown command.
It was a potion of flight.
You feel very buoyant.
You fly up into the air.
You hear some strange, mumbled words.
A puff of frost appears from out of thin air!
The puff of frost hits you.
You die...

.(o# #(.# #.(#
#(.# #(.# #o.
#[# ###@#######
#.........#
#.#.......#
#[#.......#####
#.#............
#.........#####
###.......#
#...)...#
####.#.## .#


You could see 2 orcs.

Vanquished Creatures
  Jessica (D:2)
  A gnoll (D:1)
  An adder (D:2)
  2 dart slugs
  A leopard gecko (D:1)
  4 orcs (D:3)
  2 giant cockroaches
  5 goblins
  4 hobgoblins
  2 jackals (D:1)
  4 kobolds
  7 bats
  3 frilled lizards
  5 rats (D:2)
42 creatures vanquished.

Vanquished Creatures (collateral kills)
  2 gnolls (D:2)
  An adder (D:2)
3 creatures vanquished.

Grand Total: 45 creatures vanquished

Notes
Turn   | Place    | Note
-------+----------+-------------------------------------------
     0 | D:1      | Masnef the Ogre Wizard began the quest for the Orb.
     0 | D:1      | Reached XP level 1. HP: 16/16 MP: 5/5
    72 | D:1      | Reached skill level 1 in Conjurations
   383 | D:1      | Reached XP level 2. HP: 24/24 MP: 1/6
   387 | D:1      | Learned a level 2 spell: Blink
   393 | D:1      | Learned a level 2 spell: Call Imp
   443 | D:1      | Reached skill level 1 in Summonings
   547 | D:1      | Reached skill level 1 in Translocations
  1051 | D:1      | Reached skill level 4 in Spellcasting
  1051 | D:1      | Reached XP level 3. HP: 5/31 MP: 2/8
  1552 | D:2      | Learned a level 3 spell: Mephitic Cloud
  1771 | D:2      | Found a stormy altar of Qazlal.
  1831 | D:2      | Reached XP level 4. HP: 39/39 MP: 10/10
  2378 | D:2      | Noticed Jessica
  2383 | D:2      | Killed Jessica
  2587 | D:3      | HP: 2/40 [something (1)]
  2588 | D:3      | Killed from afar by an orc wizard

Levels and vault maps discovered:
D:1:      minmay_arrival_shattered_statue, layout_loops_ring
D:2:      layout_basic, minivault_27, glass_columns_a,
          nicolae_qazlal_eye_of_the_storm, uniq_jessica
D:3:      layout_loops_ring, grunt_temple_overflow_open, first_ration,
          minmay_ruptured

Skill      XL: |  1  2 |
---------------+-------+-----
Conjurations   | 1 2 |  2.5
Summonings     | 1 |  1.0
Translocations | 1 |  1.0
Spellcasting   | 4 |  4.7
Fighting       | |  0.6
Maces & Flails | |  0.2
Throwing       | |  0.7
Dodging        | |  1.7
Stealth        | |  1.4
Air Magic      | |  0.4
Poison Magic   | |  0.6

Action                   |  1- 3 |  4- 6 || total
-------------------------+-------+-------++-------
Melee: Unarmed           |    21 |       ||    21
       Dagger            |    17 |       ||    17
       Short sword       |     4 |       ||     4
       Whip              |       |    10 ||    10
 Fire: Hunting sling     |     3 |    53 ||    56
 Cast: Magic Dart        |    58 |     6 ||    64
       Call Imp          |     8 |       ||     8
  Use: Potion            |     1 |     3 ||     4
  Eat: Chunk             |     3 |     2 ||     5
Armor: Robe              |    16 |     6 ||    22
       Skin              |     6 |       ||     6
Dodge: Dodged            |    30 |    13 ||    43
